 Dungeon Crawl Stone Soup version 0.20-a0-842-g939b552 (webtiles) character file.

4188 M4edhros the Skirmisher (level 10, -20/76 HPs)
             Began as a Mummy Chaos Knight on Mar 9, 2017.
             Demolished by a sun demon (22 damage)
             ... on level 2 of the Abyss.
             The game lasted 00:25:30 (93738 turns).

M4edhros the Skirmisher (Mummy Chaos Knight)       Turns: 93738, Time: 00:25:31

Health: -20/76     AC: 10    Str: 14 (17) XL:     10   Next: 8%
Magic:  16/16      EV: 12    Int: 10 (15) God:    Xom [......]
Gold:   1140       SH:  3    Dex: 13 (17) Spells: 4/18 levels left

rFire    x . .     SeeInvis .   M - +0 hunting sling (venom)
rCold    + . .     Gourm    .   u - +2 ring mail {MR+}
rNeg     + + +     Faith    .   b - +0 buckler
rPois    ∞         Spirit   .   (no helmet)
rElec    .         Reflect  .   q - +0 cloak
rCorr    .         Harm     .   e - +0 pair of gloves
MR       +++..     Rnd*Tele +   s - +0 pair of boots {Stlth+}
Stlth    ++........             C - amulet of Torutt {Regen+ Dex+5}
Regen    0.7/turn               L - ring "Kuomyduxi" {*Tele Int-2 Slay+5}
MPRegen  0.2/turn               B - ring "Myf Jydghuss" {MR+ Int+6 Dex-2}

@: about to teleport
A: no food or potions, fire vulnerability, cold resistance 1, negative energy
resistance 3, torment resistance, unbreathing
a: Renounce Religion


You were on level 2 of the Abyss.
You worshipped Xom.
You were a very special plaything of Xom.
You were not hungry.

You visited 2 branches of the dungeon, and saw 6 of its levels.
You visited the Abyss 1 time.

You collected 1140 gold pieces.

Inventory:

Hand Weapons
 a - a +0 falchion of chaos
 k - a +0 short sword
 p - a +4 quarterstaff of chaos
 y - a +0 dagger of electrocution
 G - a +0 longbow
 M - a +0 hunting sling of venom (weapon)
Missiles
 j - 10 needles of frenzy
 m - 124 stones (quivered)
 t - 3 poisoned javelins
 D - 128 arrows
 O - 53 sling bullets
 R - 5 needles of confusion
 S - 5 large rocks
Armour
 b - a +0 buckler (worn)
 e - a +0 pair of gloves (worn)
 q - a +0 cloak (worn)
 s - a +0 pair of boots of stealth (worn)
 u - a +2 ring mail of magic resistance (worn)
 J - a +1 ring mail of cold resistance
Magical Staves
 l - an uncursed staff of energy
Jewellery
 f - a +5 ring of intelligence
 B - the ring "Myf Jydghuss" (left hand) {MR+ Int+6 Dex-2}
   (Xom gifted it to you on level 3 of the Dungeon)

   [ring of protection from magic]

   It affects your intelligence (+6).
   It affects your dexterity (-2).
   It affects your resistance to hostile enchantments.
 C - the amulet of Torutt (around neck) {Regen+ Dex+5}
   (Xom gifted it to you on level 2 of the Dungeon)

   [amulet of regeneration]

   It affects your dexterity (+5).
   It increases your rate of regeneration.
 K - the amulet of Ubreher {RegenMP rN+++ Int+4 Dex-2 Slay+3}
   (Xom gifted it to you on level 3 of the Dungeon)

   [amulet of magic regeneration]

   It increases your magic regeneration.
   It affects your intelligence (+4).
   It affects your dexterity (-2).
   It affects your accuracy and damage with ranged weapons and melee attacks
   (+3).
   It renders you almost immune to negative energy.
 L - the ring "Kuomyduxi" (right hand) {*Tele Int-2 Slay+5}
   (Xom gifted it to you on level 3 of the Dungeon)

   [ring of teleportation]

   It may teleport you next to monsters.
   It affects your intelligence (-2).
   It affects your accuracy and damage with ranged weapons and melee attacks
   (+5).
 P - a +3 ring of dexterity
Wands
 g - a wand of digging (5/24)
 v - a wand of paralysis (8/24)
 w - a wand of flame (17/48)
 x - a wand of iceblast (1/15)
 E - a wand of flame (15/48)
 T - a wand of lightning (8/15)
 V - a wand of digging (9/24)
Scrolls
 c - 3 scrolls of remove curse
 d - 3 scrolls of magic mapping
 o - a scroll of enchant armour
 A - a scroll of fog {unknown}
 F - 2 scrolls of recharging {unknown}
 N - 5 scrolls of identify
 Q - a scroll of amnesia {unknown}
Potions
 U - a potion of curing {unknown}
Books
 n - a book of Maledictions

   Spells                             Type                      Level
   a - Corona                         Hexes                        1
   b - Ensorcelled Hibernation        Hexes/Ice                    2
   c - Confuse                        Hexes                        3
   d - Tukima's Dance                 Hexes                        3
   e - Dazzling Spray                 Conjuration/Hexes            3
 r - a Young Poisoner's Handbook

   Spells                             Type                      Level
   a - Sting                          Conjuration/Poison           1
   b - Poisonous Vapours              Poison/Air                   2
   c - Mephitic Cloud                 Conjuration/Poison/Air       3
   d - Olgreb's Toxic Radiance        Poison                       4
   e - Venom Bolt                     Conjuration/Poison           5
Miscellaneous
 I - a lamp of fire (inert)
Comestibles
 i - 4 meat rations
 z - 4 bread rations
 H - 5 royal jellies


   Skills:
 + Level 6.0 Fighting
 - Level 4.3 Long Blades
 * Level 2.0 Slings
 - Level 1.5 Armour
 * Level 4.4 Dodging
 * Level 0.0 Shields
 + Level 4.5 Spellcasting
 * Level 2.5 Conjurations
 + Level 5.0 Hexes
 - Level 3.4 Air Magic
 * Level 5.7 Poison Magic


You had 4 spell levels left.
You knew the following spells:

 Your Spells              Type           Power        Failure   Level  Hunger
a - Sting                 Conj/Pois      ##..         17%         1    N/A
b - Olgreb's Toxic Radia  Pois           ##......     85%         4    N/A
c - Tukima's Dance        Hex            ##......     34%         3    N/A
d - Confuse               Hex            ##......     34%         3    N/A
e - Mephitic Cloud        Conj/Pois/Air  ##......     52%         3    N/A

Dungeon Overview and Level Annotations

Branches:
Dungeon (5/15)             Temple (1/1) D:5

Altars:
Ashenzari
Elyvilon
Fedhas
Gozag
Hepliaklqana
Makhleb
Nemelex Xobeh
Okawaru
Qazlal
Ru
Sif Muna
Trog
Uskayaw
Vehumet
Wu Jian
Xom
Zin

Shops:
D:5 *


Innate Abilities, Weirdness & Mutations

You do not eat or drink.
Your flesh is vulnerable to fire.
You are immune to poison.
Your flesh is cold resistant. (rC+)
You are immune to negative energy. (rN+++)
You are immune to unholy pain and torment.
You can survive without breathing.


Message History

Press: ? - help, Shift-Dir - straight line The mass of ice explodes!
The iceblast engulfs the sun demon.
The sun demon is frozen!
The sun demon is severely wounded.
This wand has 2 charges left.
Xom's attention turns to you.
Something appears in a flash of light!
The sun demon hits you!
You are engulfed in flames!!
The fire burns you terribly!
* * * LOW HITPOINT WARNING * * *
Unknown command.
You can't drink.
Evoke which item? (* to show all) (? for menu, Esc to quit)
Aiming: Iceblast
Press: ? - help, Shift-Dir - straight line The mass of ice explodes!
The iceblast engulfs the sun demon.
The sun demon is frozen!
The sun demon is almost dead.
This wand has 1 charge left.
The sun demon hits you!!
You die...
Xom chortles!

...... .♣
♣.....♣#.♣ #. .#
♣.....♣♣ ♣♣..
...♣#..#. ♣♣
♣...
♣........♣♣.. ♣
♣.....#♣.. .
♣♣♣..#..♣ . .
#..#.♣3.♣♣...
.......#@....##
... ..#.§#..#..#
...####5§...##..
..# .###..# .#
## #. .. .. ..


You could see a sun demon and an iron imp.

Vanquished Creatures
  A very ugly thing (D:2)
  A hydra (D:4)
  A deep elf mage (D:2)
  A hornet (D:2)
  A hippogriff (D:1)
  Sigmund (D:4)
  A small abomination (Abyss:2)
  A sky beast (D:4)
  2 ogres (D:4)
  A scorpion (D:2)
  4 wights (D:2)
  A crimson imp (D:2)
  2 centaur zombies (D:5)
  An orc priest (D:3)
  A hound (D:4)
  Crazy Yiuf (D:2)
  A centaur skeleton (D:4)
  8 orc wizards
  A bullfrog skeleton (D:5)
  An iguana (D:4)
  7 worker ants
  2 hound zombies (D:5)
  2 hound skeletons
  A howler monkey zombie (D:5)
  2 worker ant zombies (D:5)
  12 adders
  An ooze (D:4)
  2 adder skeletons
  2 adder zombies (D:5)
  2 worms
  5 dart slugs
  8 leopard geckos
  17 orcs
  6 giant cockroaches
  13 hobgoblins
  8 jackals
  4 quokkas
  2 ball pythons
  9 bats
  5 frilled lizards
  12 goblins
  3 jackal zombies
  11 kobolds
  A leopard gecko zombie (D:5)
  A quokka zombie (D:5)
  18 rats
  A fire vortex (Temple)
189 creatures vanquished.

Vanquished Creatures (others)
  An orc wizard (D:4)
  A worm (D:3)
  A ball lightning (Temple)
  12 bushes (D:3)
  2 fungi (D:2)
  5 plants (D:3)
22 creatures vanquished.

Grand Total: 211 creatures vanquished

Notes
Turn   | Place    | Note
-------+----------+-------------------------------------------
     0 | D:1      | M4edhros the Mummy Chaos Knight began the quest for the Orb.
     0 | D:1      | Reached XP level 1. HP: 18/18 MP: 1/1
   187 | D:1      | Reached XP level 2. HP: 19/24 MP: 2/2
   243 | D:1      | XOM: harmless Ice miscast
   902 | D:1      | XOM: mild Erth miscast
  1083 | D:1      | XOM: harmless Summ miscast
  1205 | D:1      | XOM: harmless Tmut miscast
  1461 | D:1      | XOM: mild Tmut miscast
  2152 | D:1      | XOM: cloud trail
  2228 | D:1      | XOM: harmless Chrm miscast
  2361 | D:1      | XOM: god gift: 3 needles of frenzy
  2373 | D:1      | XOM: god gift: short sword {god gift}
  2651 | D:1      | XOM: scenery: create altars
  2820 | D:1      | XOM: scenery: 1 doors close
  2831 | D:1      | XOM: cloud trail
  2887 | D:1      | XOM: god gift: curved smoking staff {god gift}
  3292 | D:1      | XOM: divination: magic mapping
  3477 | D:1      | XOM is BORED!
  3477 | D:1      | XOM: summons 2 hostile shadow creatures
  3641 | D:1      | Reached XP level 3. HP: 27/29 MP: 3/3
  4134 | D:1      | XOM: summons 1 hostile demon
  4300 | D:1      | Noticed a hippogriff
  4316 | D:2      | XOM: enchant monster (good)
  4418 | D:2      | Found a runed door.
  4498 | D:2      | Found a deep blue altar of Sif Muna.
  4838 | D:2      | Reached XP level 4. HP: 30/35 MP: 4/4
  4982 | D:2      | Noticed Crazy Yiuf
  4985 | D:2      | XOM: butterfly on damage
  4995 | D:2      | HP: 1/35 [Crazy Yiuf/quarterstaff of chaos (13)]
  4995 | D:2      | XOM: butterfly on damage
  4996 | D:2      | Killed Crazy Yiuf
  4996 | D:2      | Reached skill level 1 in Dodging
  4996 | D:2      | Reached skill level 1 in Spellcasting
  5012 | D:2      | XOM: god gift: club {god gift}
  5487 | D:2      | XOM: god gift: thin leatherbound book {god gift}
  5945 | D:2      | Learned a level 3 spell: Mephitic Cloud
  5990 | D:2      | XOM: summons 1 hostile demon
  6347 | D:2      | XOM: mild Tloc miscast
  6652 | D:2      | XOM: harmless Summ miscast
  6748 | D:2      | XOM: summons 1 hostile demon
  7229 | D:2      | XOM: mild Conj miscast
  7524 | D:2      | XOM: harmless Tmut miscast
  7770 | D:2      | XOM: harmless Pois miscast
  8081 | D:2      | XOM: potion effect (might)
  8087 | D:2      | Reached XP level 5. HP: 40/41 MP: 6/8
  8263 | D:2      | XOM: cloud trail
  8307 | D:2      | XOM: harmless Air miscast
  8746 | D:2      | Reached skill level 1 in Poison Magic
  9372 | D:2      | XOM: scenery: create altars
  9375 | D:2      | XOM: god gift: pair of embroidered boots {god gift}
  9618 | D:2      | Noticed a hornet
  9626 | D:2      | XOM: confuse monster(s)
  9632 | D:2      | XOM: enchant monster (good)
  9643 | D:2      | Killed a hornet
  9643 | D:2      | Reached skill level 1 in Conjurations
  9643 | D:2      | Reached skill level 1 in Air Magic
  9643 | D:2      | Reached XP level 6. HP: 11/48 MP: 5/11
  9650 | D:2      | XOM: confuse monster(s)
  9886 | D:2      | XOM: divination: detect items
 10003 | D:2      | XOM: divination: detect creatures
 10114 | D:2      | XOM: divination: detect items
 10130 | D:2      | XOM: god gift: 16 gold pieces
 10255 | D:2      | XOM: divination: detect items
 10367 | D:2      | XOM: god gift: 27 gold pieces
 10473 | D:2      | XOM: scenery: create altars
 10706 | D:2      | XOM: scenery: create altars
 11211 | D:2      | XOM: scenery: create altars
 11494 | D:2      | XOM is BORED!
 11494 | D:2      | XOM: summons 3 hostile demons
 11495 | D:2      | Noticed a rust devil
 11714 | D:2      | XOM: scenery: create altars
 11799 | D:2      | XOM: divination: detect creatures
 11886 | D:2      | XOM: god gift: 3 poisoned javelins
 12034 | D:2      | XOM: scenery: create altars
 12444 | D:2      | Reached XP level 7. HP: 22/53 MP: 12/12
 13190 | D:2      | XOM: scenery: create altars
 13539 | D:2      | XOM: harmless Summ miscast
 13578 | D:2      | XOM: harmless Tloc miscast
 13734 | D:2      | XOM: cloud trail
 13971 | D:2      | XOM: harmless Fire miscast
 14469 | D:2      | XOM: summons 1 hostile shadow creature
 14689 | D:2      | XOM: noise
 14834 | D:2      | Noticed a cyclops
 14834 | D:2      | XOM: enchant monster (good)
 14850 | D:3      | XOM: polymorph adder -> goblin
 14988 | D:3      | Found an opulent altar of Gozag.
 15435 | D:3      | Reached skill level 4 in Fighting
 15731 | D:2      | XOM: scenery: create altars
 16048 | D:2      | XOM: god gift: bread ration
 16323 | D:2      | XOM: mild Hex miscast
 16478 | D:2      | XOM: scenery: create altars
 16482 | D:2      | XOM: mild Necr miscast
 16539 | D:2      | XOM: summons 3 hostile demons
 17401 | D:2      | XOM: harmless Hex miscast
 17477 | D:2      | XOM: summons 3 hostile demons
 17478 | D:2      | Noticed an ice devil
 17593 | D:2      | XOM: summons 3 hostile demons
 17603 | D:3      | XOM: god gift: 7 needles of frenzy
 17633 | D:3      | XOM: 2-stop teleportation journey
 17688 | D:3      | XOM is BORED!
 17688 | D:3      | XOM: summons 3 hostile demons
 17689 | D:3      | Noticed a chaos spawn
 17780 | D:3      | XOM: god gift: faintly glowing turquoise ring {god gift}
 17781 | D:3      | Got a faintly glowing turquoise ring {god gift}
 17782 | D:3      | Identified the ring "Myf Jydghuss" {MR+ Int+6 Dex-2} (Xom gifted it to you on level 3 of the Dungeon)
 17831 | D:3      | XOM: god gift: 53 gold pieces
 18050 | D:2      | XOM: god gift: heavily runed zirconium amulet {god gift}
 18051 | D:2      | Got a heavily runed zirconium amulet {god gift}
 18052 | D:2      | Identified the amulet of Torutt {Regen+ Dex+5} (Xom gifted it to you on level 2 of the Dungeon)
 19202 | D:2      | XOM: god gift: 19 arrows
 19407 | D:2      | XOM: god gift: scale mail {god gift}
 20363 | D:2      | XOM: scenery: create altars
 21878 | D:2      | XOM: god gift: ring mail {god gift}
 22236 | D:2      | XOM: divination: detect creatures
 23050 | D:2      | XOM: silly message
 23200 | D:2      | XOM: divination: magic mapping
 23391 | D:2      | XOM: harmless Tmut miscast
 23416 | D:2      | XOM: medium Ice miscast
 23489 | D:2      | XOM: harmless Conj miscast
 23494 | D:2      | XOM: mild Ice miscast
 23640 | D:2      | XOM: god gift: longbow {god gift}
 23686 | D:2      | XOM: god gift: royal jelly
 24722 | D:2      | XOM: 8-stop teleportation journey
 25145 | D:2      | XOM is BORED!
 25145 | D:2      | XOM: mild Tloc miscast
 25146 | D:2      | Noticed a spatial vortex
 25265 | D:3      | XOM: cloud trail
 25472 | D:2      | XOM: god gift: lamp of fire
 25730 | D:2      | Noticed a white very ugly thing
 26184 | D:2      | XOM: stat loss: -1 Int (21/22)
 26783 | D:2      | XOM: summons 3 hostile demons
 26784 | D:2      | Noticed a smoke demon
 26891 | D:3      | Learned a level 4 spell: Olgreb's Toxic Radiance
 26895 | D:3      | Learned a level 3 spell: Tukima's Dance
 26899 | D:3      | Learned a level 3 spell: Confuse
 27192 | D:3      | XOM: silly message
 27224 | D:3      | XOM: scenery: 1 doors close
 27278 | D:3      | XOM is BORED!
 27278 | D:3      | XOM: summons 3 hostile demons
 28174 | D:2      | XOM: scenery: create altars
 28235 | D:2      | XOM: god gift: 630 gold pieces
 28270 | D:2      | XOM: god gift: wand of digging (?/24) {god gift}
 28689 | D:2      | XOM: summons 3 hostile demons
 29253 | D:3      | XOM: scenery: 1 doors open
 29310 | D:3      | XOM: stat loss: -1 Int (20/22)
 29889 | D:3      | XOM: harmless Chrm miscast
 31182 | D:3      | XOM: mild Hex miscast
 31595 | D:3      | XOM is BORED!
 31595 | D:3      | XOM: summons 3 hostile demons
 32591 | D:2      | XOM: mild Conj miscast
 33109 | D:2      | XOM: summons 3 hostile demons
 33230 | D:3      | XOM: summons 4 hostile shadow creatures
 33554 | D:3      | XOM: mild Necr miscast
 34384 | D:3      | Noticed a mana viper
 34384 | D:3      | a glowing shapeshifter changed into a mana viper
 34384 | D:3      | XOM: summons 3 hostile shadow creatures
 34385 | D:3      | Noticed an orc knight
 34385 | D:3      | Noticed a centaur warrior
 34557 | D:2      | XOM: mild Pois miscast
 34930 | D:2      | XOM: mild Necr miscast
 35124 | D:2      | XOM: harmless Necr miscast
 35907 | D:2      | XOM: harmless Tmut miscast
 36260 | D:2      | XOM: summons 3 hostile demons
 36261 | D:2      | Noticed a chaos spawn
 36261 | D:2      | Noticed an orange demon
 36824 | D:2      | XOM: summons 3 hostile demons
 36837 | D:3      | XOM: harmless Tmut miscast
 37040 | D:2      | XOM: medium Fire miscast
 37724 | D:2      | XOM is BORED!
 37724 | D:2      | XOM: stat loss: -1 Str (15/16)
 38222 | D:2      | XOM: 4-stop teleportation journey
 38229 | D:2      | Noticed a deep elf mage
 38285 | D:2      | XOM: cloud trail
 39586 | D:2      | XOM: summons 3 hostile demons
 39705 | D:2      | XOM: severe Air miscast
 39756 | D:2      | XOM: summons 3 hostile demons
 39794 | D:3      | XOM: summons 3 hostile demons
 40136 | D:2      | XOM is BORED!
 40136 | D:2      | XOM: summons 2 hostile shadow creatures
 40301 | D:2      | XOM: summons 1 hostile demon
 40424 | D:2      | XOM: cloud trail
 41232 | D:2      | XOM: silly message
 41414 | D:2      | XOM: summons 3 hostile demons
 41504 | D:2      | XOM: cleaving
 41628 | D:2      | XOM: mild Erth miscast
 41736 | D:3      | XOM: divination: detect items
 41789 | D:3      | XOM: harmless Chrm miscast
 41990 | D:3      | XOM: 1-stop teleportation journey
 42425 | D:3      | XOM: scenery: 1 doors close
 42504 | D:3      | XOM: scenery: 1 doors open
 42979 | D:3      | XOM: god gift: 26 stones
 43000 | D:3      | XOM: cloud trail
 43809 | D:3      | XOM: god gift: runed ring mail {god gift}
 44098 | D:3      | XOM is BORED!
 44552 | D:3      | XOM: scenery: 1 doors close
 44908 | D:3      | XOM: noise
 44916 | D:3      | XOM: harmless Tmut miscast
 45394 | D:3      | XOM: harmless Fire miscast
 45440 | D:3      | XOM: mild Summ miscast
 45799 | D:3      | XOM: harmless Tloc miscast
 45816 | D:3      | XOM: harmless Hex miscast
 45969 | D:3      | XOM: silly message
 46027 | D:3      | XOM is BORED!
 46027 | D:3      | XOM: noise
 47301 | D:3      | XOM is BORED!
 47301 | D:3      | XOM: summons 1 hostile shadow creature
 47325 | D:3      | XOM: mild Chrm miscast
 47599 | D:3      | XOM: noise
 47847 | D:3      | XOM: mild Fire miscast
 47899 | D:3      | XOM: god gift: 62 gold pieces
 48460 | D:3      | XOM: divination: detect creatures
 48929 | D:3      | XOM: harmless Necr miscast
 49130 | D:3      | XOM: severe Tloc miscast
 49278 | D:3      | XOM: mild Pois miscast
 49318 | D:3      | XOM: summons 3 hostile shadow creatures
 49319 | D:3      | Noticed a centaur warrior
 49396 | D:4      | XOM: mild Erth miscast
 49749 | D:3      | XOM: divination: magic mapping
 50565 | D:3      | XOM: god gift: transparent steel amulet {god gift}
 50566 | D:3      | Got a transparent steel amulet {god gift}
 50567 | D:3      | Identified the amulet of Ubreher {RegenMP rN+++ Int+4 Dex-2 Slay+3} (Xom gifted it to you on level 3 of the Dungeon)
 50570 | D:3      | Learned a level 1 spell: Sting
 50760 | D:3      | XOM: god gift: 3 gold pieces
 51032 | D:3      | XOM is BORED!
 51032 | D:3      | XOM: mild Chrm miscast
 51179 | D:3      | XOM: scenery: 1 doors open
 51280 | D:3      | XOM: mild Erth miscast
 51352 | D:3      | XOM: scenery: 1 doors close
 51538 | D:3      | XOM: mild Hex miscast
 51713 | D:3      | XOM: harmless Ice miscast
 51789 | D:3      | XOM: harmless Hex miscast
 52302 | D:3      | XOM: god gift: 4 meat rations
 52375 | D:3      | XOM: god gift: brightly glowing pewter ring {god gift}
 52376 | D:3      | Got a brightly glowing pewter ring {god gift}
 52378 | D:3      | Identified the ring "Kuomyduxi" {*Tele Int-2 Slay+5} (Xom gifted it to you on level 3 of the Dungeon)
 52523 | D:2      | Killed a deep elf mage
 52523 | D:2      | Reached XP level 8. HP: 61/61 MP: 14/14
 52543 | D:2      | XOM: summons 1 hostile demon
 52549 | D:2      | Killed a white very ugly thing
 52549 | D:2      | Reached skill level 5 in Fighting
 52549 | D:2      | Reached XP level 9. HP: 63/68 MP: 15/15
 52987 | D:3      | Noticed an efreet
 52993 | D:3      | XOM: summons friendly white imp
 53131 | D:4      | Noticed Sigmund
 53135 | D:4      | Killed Sigmund
 53135 | D:4      | Reached skill level 5 in Poison Magic
 53865 | D:4      | XOM: medium Pois miscast
 53941 | D:4      | XOM: summons 1 hostile shadow creature
 54030 | D:5      | Entered Level 5 of the Dungeon
 54076 | D:5      | Found a bloodstained altar of Trog.
 54087 | D:5      | Found an ornate altar of the Wu Jian Council.
 54141 | D:3      | Noticed a cyan ugly thing
 54141 | D:3      | XOM: smoke on damage
 54370 | D:4      | XOM: noise
 55292 | D:4      | XOM: medium Erth miscast
 55304 | D:4      | XOM: summons 2 hostile shadow creatures
 55361 | D:4      | XOM: harmless Summ miscast
 55687 | D:4      | XOM: mild Summ miscast
 55975 | D:4      | XOM: harmless Pois miscast
 56081 | D:4      | XOM: medium Tmut miscast
 56370 | D:4      | Noticed a six-headed hydra
 56373 | D:4      | XOM: divination: detect items
 56393 | D:4      | XOM: cast spell 'Olgreb's Toxic Radiance'
 56396 | D:4      | XOM: potion effect (brilliance)
 56518 | D:4      | XOM: potion effect (invisibility)
 56522 | D:4      | XOM: potion effect (haste)
 56568 | D:4      | Killed a six-headed hydra
 56568 | D:4      | Reached skill level 1 in Slings
 57145 | D:4      | XOM: severe Pois miscast
 57401 | D:4      | XOM: noise
 57404 | D:4      | XOM: noise
 57979 | D:4      | Reached skill level 6 in Fighting
 58806 | D:4      | Noticed a meliai
 58807 | D:4      | Noticed a meliai
 58808 | D:4      | Noticed a meliai
 59012 | D:5      | Reached XP level 10. HP: 76/76 MP: 16/16
 59159 | D:5      | Reached skill level 5 in Hexes
 59250 | D:5      | Found a staircase to the Ecumenical Temple.
 59263 | D:5      | Found Laimakuf's General Store.
 59399 | D:5      | Found a hazy altar of Hepliaklqana.
 59592 | D:5      | XOM: divination: magic mapping
 59669 | Temple   | Entered the Ecumenical Temple
 59933 | Temple   | XOM: mild Air miscast
 60323 | Temple   | XOM: stat loss: -1 Int (25/26)
 61040 | Temple   | XOM: cloud trail
 62158 | Temple   | XOM: harmless Air miscast
 62204 | Temple   | XOM: mild Tmut miscast
 62291 | Temple   | XOM: scenery: create altars
 62892 | Temple   | XOM: 9-stop teleportation journey
 63269 | Temple   | XOM: medium Necr miscast
 63491 | Temple   | XOM: medium Ice miscast
 63670 | Temple   | XOM is BORED!
 63670 | Temple   | XOM: severe Air miscast
 63800 | Temple   | XOM: medium Pois miscast
 64296 | Temple   | XOM: stat loss: -1 Int (24/26)
 64694 | Temple   | XOM: harmless Erth miscast
 64731 | Temple   | XOM: god gift: 5 needles of confusion
 64900 | Temple   | XOM: divination: magic mapping
 64976 | Temple   | XOM: medium Hex miscast
 65039 | Temple   | XOM: mild Ice miscast
 65464 | Temple   | XOM: mild Summ miscast
 65702 | Temple   | XOM: cloud trail
 66099 | Temple   | XOM: divination: detect items
 66117 | Temple   | XOM: harmless Fire miscast
 66539 | Temple   | XOM: silly message
 67429 | Temple   | XOM: silly message
 67582 | Temple   | XOM is BORED!
 67582 | Temple   | XOM: mild Fire miscast
 68208 | Temple   | XOM: medium Erth miscast
 69590 | Temple   | XOM: god gift: 5 large rocks
 69628 | Temple   | XOM: summons 2 hostile demons
 69776 | Temple   | XOM: god gift: 14 gold pieces
 69823 | Temple   | XOM is BORED!
 69823 | Temple   | XOM: noise
 70572 | Temple   | XOM is BORED!
 70572 | Temple   | XOM: medium Tloc miscast
 70659 | Temple   | XOM: god gift: scroll labeled DAUGGU LYAD {god gift}
 71060 | Temple   | XOM: scenery: create altars
 71067 | Temple   | XOM: scenery: create altars
 71241 | Temple   | XOM: god gift: 8 gold pieces
 71648 | Temple   | XOM: harmless Hex miscast
 72690 | Temple   | XOM: god gift: wand of lightning (?/15) {god gift}
 73368 | Temple   | XOM: summons 4 hostile demons
 73659 | Temple   | XOM is BORED!
 73659 | Temple   | XOM: mild Tmut miscast
 73750 | Temple   | XOM: 6-stop teleportation journey
 73806 | Temple   | XOM: noise
 74224 | Temple   | XOM: god gift: 24 gold pieces
 74536 | Temple   | XOM: god gift: 20 sling bullets
 75474 | Temple   | XOM: god gift: fizzy golden potion {god gift}
 76594 | Temple   | XOM: harmless Hex miscast
 76654 | Temple   | XOM is BORED!
 76654 | Temple   | XOM: medium Erth miscast
 78475 | Temple   | XOM: cloud trail
 79226 | Temple   | XOM: summons 2 hostile demons
 79851 | Temple   | XOM: noise
 79919 | Temple   | XOM is BORED!
 79919 | Temple   | XOM: noise
 80109 | Temple   | XOM: god gift: royal jelly
 80209 | Temple   | XOM is BORED!
 80209 | Temple   | XOM: medium Ice miscast
 80587 | Temple   | XOM: medium Conj miscast
 81056 | Temple   | XOM: harmless Fire miscast
 81097 | Temple   | XOM: summons 5 hostile demons
 82247 | Temple   | XOM: stat loss: -1 Dex (7/10)
 82332 | Temple   | XOM: summons 5 hostile demons
 82358 | D:5      | XOM is BORED!
 82358 | D:5      | XOM: medium Fire miscast
 82425 | D:5      | XOM: harmless Conj miscast
 84136 | Temple   | XOM: medium Summ miscast
 84689 | Temple   | XOM is BORED!
 84689 | Temple   | XOM: medium Conj miscast
 85563 | Temple   | XOM: cloud trail
 85764 | Temple   | XOM: god gift: 19 sling bullets
 86402 | Temple   | XOM: harmless Tloc miscast
 87297 | Temple   | XOM: medium Conj miscast
 87804 | Temple   | XOM: mild Necr miscast
 87922 | Temple   | XOM: stat loss: -1 Int (19/22)
 88987 | Temple   | XOM is BORED!
 88987 | Temple   | XOM: mild Necr miscast
 89463 | Temple   | XOM: summons 5 hostile demons
 89668 | Temple   | XOM: harmless Tmut miscast
 89785 | Temple   | XOM: harmless Fire miscast
 90145 | Temple   | XOM: severe Tmut miscast
 90962 | Temple   | XOM: severe Tmut miscast
 91229 | Temple   | XOM is BORED!
 91229 | Temple   | XOM: mild Chrm miscast
 91374 | Temple   | XOM: severe Ice miscast
 91507 | Temple   | XOM: harmless Tloc miscast
 91515 | Temple   | XOM: harmless Fire miscast
 91735 | Temple   | XOM: mild Summ miscast
 91914 | Temple   | XOM: harmless Tmut miscast
 92230 | Temple   | XOM: severe Erth miscast
 92775 | Temple   | XOM: harmless Fire miscast
 93665 | Temple   | Cast into level 2 of the Abyss (Xom)
 93665 | Abyss:2  | XOM: stealth player
 93732 | Abyss:2  | Noticed a sun demon
 93737 | Abyss:2  | XOM: mild Summ miscast
 93737 | Abyss:2  | HP: 2/76 [sun demon (25)]
 93738 | Abyss:2  | Demolished by a sun demon

Vault maps used:
D:1:      dpeg_arrival_more_subterranean_lakeside_camping, solitary_fountain
D:2:      nicolae_overflow_crystal_walls, hangedman_feature_mirror,
          uniq_crazy_yiuf_cottage
D:3:      serial_forest, infiniplex_forest_lined_4_way,
          infiniplex_forest_clump_large, infiniplex_forest_lined_2,
          infiniplex_forest_zigzag_1, infiniplex_forest_clump_C,
          infiniplex_forest_clump_tiny, infiniplex_forest_clump_long,
          infiniplex_forest_lined_2, grunt_gozag_breadcrumbs
D:4:      cheibrodos_helix_gallery, minmay_misc_feat_iff, uniq_sigmund
D:5:      lemuel_coloured_pillars_altar, amethyst_overflow_temple_binary,
          minmay_temple_entry_glass, serial_undead, serial_undead_b,
          serial_undead_e, serial_undead_e, serial_undead_a, serial_undead_f,
          serial_undead_b, serial_undead_c, serial_undead_f, first_bread,
          serial_shops, shop
Temple:   minmay_temple_forest_path

Skill      XL: |  1  2  3  4  5  6  7  8  9 10 |
---------------+-------------------------------+-----
Long Blades    | 3 4 |  4.3
Dodging        | 1 2 3 4 |  4.4
Spellcasting   | 2 3 4 |  4.5
Poison Magic   | 1 2 3 4 5 |  5.7
Conjurations   | 1 2 |  2.5
Air Magic      | 1 2 3 |  3.4
Fighting       | 4 5 6 |  6.0
Hexes          | 2 4 5 |  5.0
Slings         | 1 2 |  2.0
Armour         | |  1.5

Action                   |  1- 3 |  4- 6 |  7- 9 | 10-12 || total
-------------------------+-------+-------+-------+-------++-------
Melee: Falchion          |   130 |   120 |    94 |       ||   344
       Dagger            |       |       |   129 |    43 ||   172
 Fire: Hunting sling     |       |       |   238 |   117 ||   355
       Longbow           |       |       |     1 |       ||     1
 Cast: Mephitic Cloud    |       |     2 |       |       ||     2
Evoke: Wand              |       |       |     7 |     8 ||    15
       Lamp of fire      |       |       |     2 |       ||     2
  Use: Scroll            |       |       |    14 |     3 ||    17
 Stab: Paralysed         |     2 |       |    11 |     2 ||    15
       Sleeping          |     2 |       |     2 |       ||     4
       Confused          |       |     2 |       |       ||     2
       Distracted        |       |       |     1 |       ||     1
Armor: Leather armour    |    75 |    60 |    28 |       ||   163
       Ring mail         |       |       |   173 |    98 ||   271
Dodge: Dodged            |    70 |    63 |   249 |   122 ||   504
Block: Buckler           |       |       |     1 |    24 ||    25
       Rpst.: Falchion   |    24 |    16 |    12 |       ||    52
